 Dungeon Crawl Stone Soup version 0.29.1-15-g9cfb28693d (webtiles) character file.

Game seed: 9206829819124259611

663 jtron the Trooper (level 7, -1/54 HPs)
             Began as a Demonspawn Monk on Mar 20, 2023.
             Was a Believer of Cheibriados.
             Slain by a gnoll
             ... wielding a +0 spear
              (6 damage)
             ... on level 5 of the Dungeon.
             The game lasted 00:14:22 (4846 turns).

jtron the Trooper (Demonspawn Monk)                 Turns: 4846, Time: 00:14:22

Health: -1/54      AC:  4    Str: 15    XL:     7   Next: 31%
Magic:  7/10       EV: 14    Int: 16    God:    Cheibriados [**....]
Gold:   249        SH:  0    Dex: 25    Spells: 9/10 levels left

rFire   . . .      SeeInvis .   a - +1 short sword (venom)
rCold   . . .      Faith    .   (no shield)
rNeg    . . .      Spirit   .   v - +0 robe
rPois   .          Reflect  .   (no helmet)
rElec   .          Harm     .   g - +1 cloak
rCorr   .          Rampage  .   (no gloves)
Will    .....                   (no boots)
Stlth   +++++.....              (no amulet)
HPRegen 0.18/turn               (no ring)
MPRegen 0.12/turn               (no ring)

@: lethally poisoned (-1 -> -3), very slow
A: thin skeletal structure 2, demonic magic 1
a: Renounce Religion, Bend Time


You were on level 5 of the Dungeon.
You worshipped Cheibriados.
Cheibriados was pleased with you.
You visited 2 branches of the dungeon, and saw 6 of its levels.

You collected 271 gold pieces.
You spent 22 gold pieces at shops.

Inventory:

Hand Weapons
 a - a +1 short sword of venom (weapon)
 b - a +0 sling
 c - a +0 club
 e - a +0 dagger of electrocution
 j - a +0 spear
Missiles
 d - 2 poisoned darts (quivered)
 f - 3 atropa-tipped darts
 h - 44 stones
 y - 3 silver javelins
Armour
 g - a +1 cloak (worn)
 v - a +0 robe (worn)
Jewellery
 s - a ring of poison resistance
Scrolls
 k - a scroll of fog {unknown}
 p - a scroll of teleportation
 q - 2 scrolls of fear
 w - a scroll of amnesia
 x - a scroll of magic mapping {unknown}
Potions
 i - a potion of berserk rage
 n - a potion of haste
 o - 2 potions of degeneration
 r - 2 potions of flight
 z - 2 potions of magic


   Skills:
 + Level 4.2 Fighting
 * Level 3.4 Short Blades
 - Level 2.9 Polearms
 + Level 3.2 Ranged Weapons
 + Level 0.7 Throwing
 - Level 3.0 Dodging
 + Level 2.5 Stealth
 * Level 2.1 Spellcasting
 * Level 2.5 Hexes


You had 9 spell levels left.
You knew the following spells:

 Your Spells              Type           Power      Damage    Failure   Level
a - Slow                  Hex            36%        N/A       8%          1

Your spell library contained the following spells:

 Spells                   Type           Power      Damage    Failure   Level
 Apportation              Tloc           2%         N/A       21%         1
 Necrotise                Necr           4%         1d4       21%         1
 Summon Small Mammal      Summ           4%         N/A       21%         1
 Confusing Touch          Hex            9%         N/A       22%         3
 Tukima's Dance           Hex            9%         N/A       22%         3
 Dazzling Flash           Conj/Hex       10%        N/A       36%         3
 Summon Guardian Golem    Hex/Summ       5%         N/A       36%         3
 Call Canine Familiar     Summ           1%         N/A       52%         3
 Ozocubu's Armour         Ice            1%         N/A       52%         3
 Vampiric Draining        Necr           1%         2d6       52%         3
 Animate Dead             Necr           1%         N/A       90%         4
 Iskenderun's Mystic Bla  Conj/Tloc      1%         2d3       90%         4
 Passage of Golubria      Tloc           1%         N/A       90%         4
 Silence                  Hex/Air        2%         N/A       98%         5
 Yara's Violent Unravell  Hex/Tmut       2%         3d3       98%         5
 Agony                    Necr           1%         N/A       99%         5
 Alistair's Intoxication  Tmut/Pois      0%         N/A       99%         5
 Borgnjor's Vile Clutch   Necr/Erth      0%         N/A       99%         5
 Death Channel            Necr           0%         N/A       100%        6
 Starburst                Conj/Fire      0%         6d3       100%        6
 Ozocubu's Refrigeration  Ice            0%         4d7       100%        7


Dungeon Overview and Level Annotations

Branches:
Dungeon (5/15)             Temple (1/1) D:4

Altars:
Ashenzari
Cheibriados
Dithmenos
Fedhas
Gozag
Makhleb
Qazlal
Ru
Sif Muna
Uskayaw
Vehumet
Wu Jian
Xom
Yredelemnul

Shops:
D:3 *


Innate Abilities, Weirdness & Mutations

You have a moderately thin skeletal structure. (Dex +4, Stealth++)
Spells you cast may paralyse adjacent enemies.


Message History

The gnoll bouda looks as sick as possible!
The gnoll bouda is heavily wounded.
The gnoll barely misses you.
The gnoll hits you from afar with a +0 spear.
The gnoll bouda hits you with a +0 whip!
* * * LOW HITPOINT WARNING * * *
The flow of time bends around you.
The gnoll bouda resists with some effort.
The gnoll hits you but does no damage. The gnoll misses you.
The gnoll bouda closely misses you.
You feel better.
Your attacks no longer feel as feeble.
The gnoll hits you from afar with a +0 spear!
The gnoll barely misses you.
The gnoll bouda mumbles some strange prayers to its god.
The gnoll bouda is healed somewhat.
You feel better. The gnoll hits you but does no damage.
The gnoll barely misses you. The gnoll bouda barely misses you.
You hit the gnoll bouda.
You kill the gnoll bouda!
Cheibriados thoroughly appreciates the change of pace.
The gnoll hits you from afar with a +0 spear!
The gnoll barely misses you.
You miss the adder. The adder barely misses you.
The gnoll hits you from afar with a +0 spear. x2
* * * LOW HITPOINT WARNING * * *
You hit the adder.
The adder is poisoned.
The adder is moderately wounded.
The adder bites you but does no damage.
The gnoll hits you from afar with a +0 spear!
* * * LOW HITPOINT WARNING * * *
The gnoll closely misses you. The adder bites you.
* * * LOW HITPOINT WARNING * * *
You are poisoned.
The adder poisons you!
You closely miss the adder.
The adder is heavily wounded.
You feel sick.
The gnoll is no longer moving quickly. x2
The gnoll hits you from afar with a +0 spear.
You die...

......#)########
### #..)........
.....###.#.....#
...............#
########.......#
#####)...##..##
#.....g(g......
#.!.....##S#######
...g..####@####
...####.......# g#
#.........#
#...........#
.............#
.#...........#
##....)....##
##...#...## ####
####


You could see 2 gnolls and an adder (very poisoned).

Vanquished Creatures
  2 ogres
  A necrophage (D:4)
  A scorpion (D:4)
  A jelly (D:4)
  An orc priest (D:4)
  A gnoll bouda (D:5)
  2 orc wizards (D:5)
  4 adders
  8 gnolls
  A worm (D:2)
  5 orcs
  3 bats
  7 endoplasms
  10 giant cockroaches
  6 goblins
  5 hobgoblins
  6 jackals
  6 kobolds
  6 quokkas
  12 ball pythons
  A frilled lizard (D:2)
  2 rats
91 creatures vanquished.

Vanquished Creatures (collateral kills)
  An orc wizard (D:4)
  2 orcs (D:4)
3 creatures vanquished.

Grand Total: 94 creatures vanquished

Notes
Turn   | Place    | Note
-------+----------+-------------------------------------------
     0 | D:1      | jtron the Demonspawn Monk began the quest for the Orb.
     0 | D:1      | Reached XP level 1. HP: 18/18 MP: 1/1
   264 | D:1      | Found a faded altar of an unknown god.
   387 | D:1      | Gained mutation: You have a somewhat thin skeletal
                  | structure. (Dex +2, Stealth+) [demonic ancestry]
   387 | D:1      | Reached XP level 2. HP: 18/24 MP: 2/2
  1160 | D:1      | Gained mutation: Spells you cast may paralyse adjacent
                  | enemies. [demonic ancestry]
  1160 | D:1      | Reached XP level 3. HP: 27/29 MP: 3/3
  1527 | D:2      | Reached skill level 1 in Short Blades
  2058 | D:2      | Learned a level 1 spell: Slow
  2281 | D:3      | Noticed an ogre
  2323 | D:3      | Reached XP level 4. HP: 31/35 MP: 3/5
  2324 | D:3      | Found a broken altar of Ashenzari.
  2430 | D:3      | Killed an ogre
  2431 | D:3      | Reached skill level 1 in Ranged Weapons
  2431 | D:3      | Reached skill level 1 in Spellcasting
  2431 | D:3      | Gained mutation: You have a moderately thin skeletal
                  | structure. (Dex +4, Stealth++) [demonic ancestry]
  2431 | D:3      | Reached XP level 5. HP: 25/42 MP: 3/6
  2749 | D:3      | Found Wometisch's General Store.
  2866 | D:3      | Bought a scroll of identify for 22 gold pieces
  2922 | D:3      | Reached skill level 4 in Fighting
  2927 | D:3      | HP: 2/42 [gnoll/+0 spear (6)]
  3566 | D:4      | Reached skill level 1 in Hexes
  3693 | D:4      | Reached XP level 6. HP: 41/48 MP: 8/8
  4323 | D:4      | Reached XP level 7. HP: 50/54 MP: 10/10
  4416 | D:4      | Found a staircase to the Ecumenical Temple.
  4545 | Temple   | Entered the Ecumenical Temple
  4712 | Temple   | Became a worshipper of Cheibriados the Contemplative
  4712 | Temple   | Reached * piety under Cheibriados
  4712 | Temple   | Reached ** piety under Cheibriados
  4750 | D:5      | Entered Level 5 of the Dungeon
  4846 | D:5      | Slain by a gnoll

Illustrated notes

Levels and vault maps discovered:
D:1:      nagdon_arrival_double_spiral, layout_loops_corners,
          nicolae_ecumenical_snake_handling
D:2:      layout_basic, hangedman_decor_growths, st_stairs_7
D:3:      layout_loops_ring, nicolae_ashenzari_panopticon, serial_shops,
          nicolae_shop_waterfront, minmay_crystal_water,
          minmay_misc_feat_nine_boxes, kennysheep_doodads
D:4:      layout_rooms, temple_hall, gup_sewer_entry_pipe, minmay_bent
D:5:      layout_rooms
Temple:   nicolae_temple_bog_church

Skill      XL: |  1  2  3  4  5  6  7 |
---------------+----------------------+-----
Dodging        | 3 |  3.0
Stealth        | 2 |  2.5
Short Blades   | 1 2 3 |  3.4
Ranged Weapons | 1 2 3 |  3.2
Spellcasting   | 1 2 |  2.1
Fighting       | 4 |  4.2
Hexes          | 1 2 |  2.5
Polearms       | |  2.9
Throwing       | |  0.7

Action                   |  1- 3 |  4- 6 |  7- 9 || total
-------------------------+-------+-------+-------++-------
Melee: Spear             |    39 |       |       ||    39
       Dagger            |    35 |       |       ||    35
       Short sword       |    30 |    81 |    27 ||   138
       Punch             |       |     2 |       ||     2
 Fire: Sling             |    25 |    47 |    15 ||    87
Throw: Dart              |    14 |     4 |     5 ||    23
       Stone             |     3 |       |       ||     3
       Javelin           |       |     1 |       ||     1
 Cast: Slow              |       |     2 |       ||     2
Invok: Bend Time         |       |       |     1 ||     1
  Use: Potion            |     1 |     2 |     4 ||     7
       Scroll            |     3 |    10 |     4 ||    17
 Stab: Sleeping          |     8 |       |       ||     8
       Distracted        |       |     1 |       ||     1
Armor: Robe              |    24 |    11 |    13 ||    48
Dodge: Dodged            |    54 |    54 |    35 ||   143
